 Dungeon Crawl Stone Soup version 0.30.0-5-g1a98f26d00 (webtiles) character file.

Game seed: 14121087459045395360

173 BubbleThief the Trooper (level 5, -3/51 HPs)
             Began as a Naga Cinder Acolyte on May 10, 2023.
             Was a High Priest of Ignis.
             Slain by a white imp (5 damage)
             ... on level 4 of the Dungeon.
             The game lasted 00:03:33 (2434 turns).

BubbleThief the Trooper (Naga Cinder Acolyte)       Turns: 2434, Time: 00:03:34

Health: -3/51      AC: 10    Str: 18    XL:     5   Next: 53%
Magic:  1/7        EV:  9    Int: 14    God:    Ignis [*****.]
Gold:   159        SH:  0    Dex:  7    Spells: 4/6 levels left

rFire   + . .        a - -1 mace (flame)
rCold   . . .        (no shield)
rNeg    . . .        b - +0 robe
rPois   +            i - +0 helmet
rElec   .            (no cloak)
rCorr   +            (no gloves)
SInv    +            (no barding)
Will    .....        (no amulet)
Stlth   +            l - ring of resist corrosion
HPRegen 0.28/turn    (no ring)
MPRegen 0.10/turn

%: no passive effects
@: fiery-armoured, very slow
A: AC +1, large, see invisible, deformed body, poison resistance, slowness 2,
spit poison 1, naga tail 1
a: Spit Poison, Renounce Religion, Fiery Armour, Foxfire Swarm, Rising Flame


You were on level 4 of the Dungeon.
You worshipped Ignis.
Ignis was extremely pleased with you.
You visited 1 branch of the dungeon, and saw 4 of its levels.

You collected 159 gold pieces.

Inventory:

Hand Weapons
 a - a -1 mace of flaming (weapon)
Armour
 b - a +0 robe (worn)
 c - an orb of wrath
 i - a +0 helmet (worn)
Jewellery
 l - a ring of resist corrosion (left hand)
Scrolls
 d - a scroll of torment {unknown}
 e - 3 scrolls of identify {unknown}
 f - 2 scrolls of fear {unknown}
 g - a scroll of noise {unknown}
 j - a scroll of summoning {unknown}
 k - a scroll of enchant armour {unknown}
Potions
 h - a potion of resistance {unknown}
 m - a potion of brilliance {unknown}


   Skills:
 + Level 4.6 Fighting
 + Level 4.6 Maces & Flails
 - Level 1.3 Spellcasting
 - Level 3.0 Fire Magic


You had 4 spell levels left.
You knew the following spells:

 Your Spells              Type           Power      Damage    Failure   Level
a - Scorch                Fire           18%        2d5       11%         2

Your spell library contained the following spells:

 Spells                   Type           Power      Damage    Failure   Level
 Inner Flame              Hex/Fire       5%         N/A       38%         3
 Flame Wave               Conj/Fire      5%         2d5       80%         4
 Sticky Flame             Conj/Fire      5%         2d3       80%         4


Dungeon Overview and Level Annotations

Branches:
Dungeon (4/15)
 Temple: D:4-7

Altars:


Innate Abilities, Weirdness & Mutations

Your serpentine skin is tough. (AC +1)
You have supernaturally acute eyesight. (SInv)
Armour fits poorly on your strangely shaped body.
Your system is resistant to poisons. (rPois)
You cover ground very slowly.
You can spit poison.
You have a snake-like lower body.


Message History

The puff of frost hits you! The white imp hits you. The white imp freezes you.
A jelly comes into view.
A protective cloak of flame settles atop you.
A scorpion comes into view.
The white imp hits you but does no damage.
The white imp is burned terribly!
The white imp is burned by your cloak of flames.
The white imp is severely wounded.
The white imp gestures at you. The puff of frost hits you.
You barely miss the white imp.
The white imp is moderately wounded.
The white imp is no longer more vulnerable to fire.
The white imp barely misses you. The white imp spits at you.
The white imp hits you.
* * * LOW HITPOINT WARNING * * *
The white imp freezes you.
* * * LOW HITPOINT WARNING * * *
The ufetubus hits you but does no damage.
The ufetubus is burned terribly!
The ufetubus is burned by your cloak of flames.
You kill the ufetubus!
The white imp gestures at you. The puff of frost hits you.
* * * LOW HITPOINT WARNING * * *
An ufetubus comes into view.
A giant cockroach comes into view.
The white imp attacks as you move away! The white imp completely misses you.
The white imp gestures at you. The puff of frost hits you!
* * * LOW HITPOINT WARNING * * *
Unknown command.
Unknown command.
There is a stone staircase leading up here.
Unknown command.
Okay, then.
The white imp hits you.
* * * LOW HITPOINT WARNING * * *
The white imp freezes you.
You die...

##########
###.#.#....##
.!#...#@......#
......55.......
##......B=.#...
#..####s)..# .
## #...5#
#..>.# ..##.?.
... .?.# .#..
.....


You could see a scorpion, 2 white imps, an ufetubus and a giant cockroach.

Vanquished Creatures
  2 orc priests (D:3)
  Terence (D:3)
  2 adders
  An ufetubus (D:4)
  3 worms (D:2)
  3 orcs (D:3)
  4 endoplasms
  4 goblins
  4 hobgoblins
  4 jackals (D:1)
  9 kobolds
  7 ball pythons
  7 bats
  3 frilled lizards
  8 rats
62 creatures vanquished.

Notes
Turn   | Place    | Note
-------+----------+-------------------------------------------
     0 | D:1      | BubbleThief the Naga Cinder Acolyte began the quest for the
                  | Orb.
     0 | D:1      | Reached XP level 1. HP: 21/21 MP: 2/2
   160 | D:1      | Reached XP level 2. HP: 28/28 MP: 3/3
   163 | D:1      | Learned a level 2 spell: Scorch
   786 | D:2      | Reached XP level 3. HP: 34/34 MP: 0/5
  1794 | D:3      | Reached XP level 4. HP: 39/44 MP: 1/6
  1848 | D:3      | Found a faded altar of an unknown god.
  1904 | D:3      | Reached XP level 5. HP: 31/51 MP: 1/7
  2242 | D:3      | Noticed Terence
  2248 | D:3      | Killed Terence
  2345 | D:3      | Noticed a kobold brigand
  2434 | D:4      | HP: 2/51 [white imp (1)]
  2434 | D:4      | Slain by a white imp

Illustrated notes

Levels and vault maps discovered:
D:1:      heliophobic_arrival_battle_scene, layout_basic, kennysheep_boxes
D:2:      layout_basic, minmay_tetromino_s2
D:3:      minmay_goblin_kobold_castle, layout_basic,
          hellmonk_ecumenical_altar_crossroads, uniq_terence
D:4:      layout_cave_pools, lemuel_zombie_altar_yredelemnul, okawaru_trees_1,
          mainiacjoe_overflow_alcove_4, serial_demonic, serial_demonic_a,
          serial_demonic_e, serial_demonic_a, serial_demonic_e

Skill      XL: |  1  2  3  4 |
---------------+-------------+-----
Fighting       | 4 |  4.6
Maces & Flails | 4 |  4.6
Spellcasting   | |  1.3
Fire Magic     | |  3.0

Action                     |  1- 3 |  4- 6 || total
---------------------------+-------+-------++-------
  Melee: Mace              |    36 |    29 ||    65
         Punch             |     1 |       ||     1
   Cast: Scorch            |    20 |    13 ||    33
 Invoke: Fiery Armour      |       |     2 ||     2
Ability: Spit Poison       |    29 |    11 ||    40
 Armour: Robe              |    22 |    18 ||    40
  Dodge: Dodged            |    21 |    17 ||    38
